Cogmind - Beta 16.1 @@@ ROGUE MODE // 2026.03.07 @ 22:55:28 Player: StaticNoob Result: Destroyed by Y-72 Warden with Quantum Rifle Performance ------------- Evolutions (7) 3500 Regions Visited (16) 3200 Robots Destroyed (153) 765 Value Destroyed (9169) 9169 Prototype IDs (14) 280 Alien Tech Used (0) 0 Bonus (5192) 5192 TOTAL SCORE: 22106 Bonus ------- High Alert Combat Kills 841 Follower Combat Kills 851 Entered Garrisons 1000 Used RIF Installer 2500 Cogmind --------- Core Integrity 0/1300 Matter 137/300 Energy 100/100 System Corruption 27% Temperature Cool (9) Movement Core (1350) Ox26 Location -3/Research Parts ------- > --- POWER (3) -------- (None) > --- PROPULSION (2) --- (None) > --- UTILITY (13) ----- Huge Storage Unit Advanced Signal Interpreter Relay Coupler [NC] (53) Relay Coupler [Sentry] (38) Relay Coupler [Sentry] (8) > --- WEAPON (3) ------- (None) > --- INVENTORY (25) --- Experimental Matter Compressor (122) Advanced Point Defense System Advanced Hacking Suite Advanced System Shield Relay Coupler [Swarmer] (47) Relay Coupler [Grunt] (38) Relay Coupler [Brawler] (44) Relay Coupler [Duelist] (44) Relay Coupler [Specialist] (47) Tractor Beam Gamma Bomb Array Peak State ------------ > --- POWER ------------ Neutrino Core Light Antimatter Reactor Light Particle Reactor > --- PROPULSION ------- Armored Huge Wheel > --- UTILITY ---------- Coolant Network Huge Storage Unit Advanced Signal Interpreter Advanced Terrain Scanner Quantum Capacitor Advanced Thermal Shield Improved Force Field Improved Remote Force Field Relay Coupler [Grunt] Relay Coupler [Sentry] Relay Coupler [Hunter] > --- WEAPON ----------- Gamma Bomb Array Advanced Remote Datajack Enhanced Force Lance > --- INVENTORY -------- Micro Antimatter Reactor Armored Huge Wheel Centrium Wheel High-capacity Battery Experimental Matter Compressor Advanced Point Defense System Advanced Hacking Suite Advanced System Shield Relay Coupler [NC] Relay Coupler [Swarmer] Relay Coupler [Grunt] Relay Coupler [Brawler] Relay Coupler [Duelist] Relay Coupler [Sentry] Relay Coupler [Specialist] Relay Coupler [Hunter] Tractor Beam Heavy Dispersion Rifle Compact HERF Cannon Nova Cannon Heavy Linear Accelerator [Rating: 141] Favorites ----------- Power Micro Nuclear Core Engine Reinforced Deuterium Engine Power Core Micro Nuclear Core Reactor Particle Reactor Propulsion Armored Huge Wheel Treads Light Treads Wheel Armored Huge Wheel Utility Huge Storage Unit Device Advanced Heat Sink Storage Huge Storage Unit Processor Improved Targeting Computer Hackware Relay Coupler [Grunt] Protection Improved Medium Armor Plating Weapon Heavy Linear Accelerator Energy Gun Pulse Rifle Energy Cannon HERF Cannon Ballistic Gun Light Assault Rifle Ballistic Cannon Heavy Linear Accelerator Launcher Gamma Bomb Array Special Weapon Remote Datajack Impact Weapon Hammer Slashing Weapon Ripper Piercing Weapon Enhanced Force Lance Build | -11 -10 -9 -9 -9 -9 -7 -7 -7 -7 -6 -6 -5 -5 -5 -4 -3 ------- Run | Yrd Mat Mat Sto Gar Rec Fac Gar Fac Gar Fac Gar Fac Gar Fac Fac Res Slots Evolved 14 | . . 2 . . . 4 . . . 2 . 2 . . 2 2 Power 2 | . . . . . . 1 . . . . . . . . 1 . Propulsion . | . . . . . . . . . . . . . . . . . Utility 11 | . . 1 . . . 3 . . . 2 . 2 . . 1 2 Weapon 1 | . . 1 . . . . . . . . . . . . . . Parts Attached 147 | 7 6 5 9 18 4 9 10 2 5 4 20 . 14 2 3 29 Power 28 | 2 1 . 2 1 2 3 2 . 3 1 4 . 1 1 . 5 Engine 13 | 2 1 . 2 . 2 . 1 . 2 1 2 . . . . . Core 8 | . . . . 1 . 3 1 . 1 . . . 1 1 . . Reactor 7 | . . . . . . . . . . . 2 . . . . 5 Propulsion 14 | 2 1 2 . 5 . . . . . . 1 . 1 . . 2 Treads 5 | 2 1 2 . . . . . . . . . . . . . . Leg . | . . . . . . . . . . . . . . . . . Wheel 9 | . . . . 5 . . . . . . 1 . 1 . . 2 Hover . | . . . . . . . . . . . . . . . . . Flight . | . . . . . . . . . . . . . . . . . Utility 66 | 1 2 2 4 3 . 4 5 1 1 3 13 . 11 1 2 13 Device 18 | . . 1 1 1 . 2 . . . 1 2 . 1 1 1 7 Storage 6 | 1 1 . 2 . . . . . . 1 . . . . . 1 Processor 7 | . . 1 . 1 . . 1 . 1 . . . 1 . 1 1 Hackware 22 | . . . . . . 2 1 1 . 1 8 . 5 . . 4 Protection 13 | . 1 . 1 1 . . 3 . . . 3 . 4 . . . Artifact . | . . . . . . . . . . . . . . . . . Weapon 39 | 2 2 1 3 9 2 2 3 1 1 . 2 . 1 . 1 9 Energy Gun 6 | 1 . . . 3 . . . . . . . . . . . 2 Energy Cannon 4 | . . . . 1 . . . . . . . . . . 1 2 Ballistic Gun 11 | 1 1 1 2 2 1 1 1 . . . . . . . . 1 Ballistic Cannon 5 | . 1 . . 1 . . 1 . . . 1 . . . . 1 Launcher 3 | . . . 1 . . . 1 . . . . . 1 . . . Special Weapon 7 | . . . . 2 . 1 . . 1 . 1 . . . . 2 Impact Weapon 1 | . . . . . 1 . . . . . . . . . . . Slashing Weapon 1 | . . . . . . . . 1 . . . . . . . . Piercing Weapon 1 | . . . . . . . . . . . . . . . . 1 Special Melee Weapon . | . . . . . . . . . . . . . . . . . Unidentified Prototypes 2 | . . . . . . . . . . . . . . . . 2 Parts Lost 59 | . 3 . 1 8 . . 3 . . . 9 . 4 . . 31 Power 10 | . 2 . . 1 . . 1 . . . 1 . . . . 5 Propulsion 5 | . . . 1 1 . . . . . . . . . . . 3 Utility 29 | . 1 . . 1 . . 2 . . . 6 . 4 . . 15 Weapon 15 | . . . . 5 . . . . . . 2 . . . . 8 Highest Loss Streak 21 | . 1 . 1 7 . . 1 . . . 3 . 1 . . 21 To Critical Strikes . | . . . . . . . . . . . . . . . . . Average Backups 19 | . 8 14 14 19 23 23 21 21 21 21 22 24 23 23 22 21 Power . | . . . . . . . . 1 1 1 1 1 1 1 . . Propulsion 1 | . 2 3 3 1 1 2 2 2 2 2 2 2 1 1 1 1 Utility 13 | . 3 6 6 14 18 16 13 13 13 13 14 17 16 18 17 15 Weapon 2 | . 1 1 3 2 1 2 2 3 3 3 4 3 3 2 4 3 Tool/Special . | . . . . . . . . . . . . . . . . . Unused Backups 57 | . 2 4 1 6 6 2 6 . 1 . 7 . 8 . 3 11 Power 1 | . . . . . . . 1 . . . . . . . . . Propulsion 11 | . . 3 . . 5 . . . . . . . 3 . . . Utility 36 | . 2 1 1 4 1 2 4 . 1 . 6 . 3 . 1 10 Weapon 8 | . . . . 1 . . 1 . . . 1 . 2 . 2 1 Tool/Special 1 | . . . . 1 . . . . . . . . . . . . Average Slot Usage (%) 86 | . 93 86 100 92 87 86 78 76 75 79 83 76 84 88 89 83 Engine 5 | . 13 11 11 3 8 3 . 7 12 13 8 . . . 5 2 Core 4 | . . . . 7 2 7 13 7 2 . . . 1 5 5 3 Reactor 2 | . . . . . . . . . . . 3 11 9 5 5 6 Treads 5 | . 28 22 22 3 . . . . . . . . . . . . Wheel 5 | . . . . 12 11 6 7 7 7 6 6 5 5 5 5 3 Device 9 | . . 4 10 11 11 22 9 1 3 12 13 11 8 5 9 16 Storage 8 | . 14 11 11 11 11 7 7 7 7 6 6 5 5 5 5 4 Processor 3 | . . 4 6 5 . . 6 7 7 6 . . 4 5 6 4 Hackware 10 | . . . . . . 5 7 13 10 11 20 17 26 29 24 19 Protection 7 | . 8 . 4 4 11 7 9 7 7 7 9 11 6 11 10 5 Energy Gun 2 | . 3 . . 9 14 7 . . . . . . . . . . Ballistic Gun 5 | . 14 22 21 12 7 6 . . . . . . . . . . Ballistic Cannon 6 | . 10 11 11 7 11 5 7 7 7 6 6 5 5 5 4 . Special Weapon 1 | . . . . . . 1 . . . . 3 . 1 . 1 3 Slashing Weapon 1 | . . . . . . . . 2 6 5 1 5 3 4 3 2 Peak Build Rating 141 | 6 7 11 15 38 37 49 60 60 63 71 79 79 90 91 101 141 Average Rating 53 | 4 6 9 12 25 34 44 56 57 61 69 71 79 86 87 98 113 On Entrance 49 | . 6 7 11 15 37 34 49 60 59 63 69 79 79 87 87 100 Avg Prop Armor Cover (%) . | . . . . . . . . . . . . . . . . . Naked Turns . | . . . . . . . . . . . . . . . . . Heaviest Build 173 | 12 28 29 38 107 108 116 151 151 156 165 156 148 157 157 173 171 Greatest Support 46 | 40 40 43 46 46 28 28 28 28 28 28 28 28 28 28 28 40 Greatest Overweight (x) 28 | . . . . 5 3 4 5 5 5 5 5 5 5 5 6 28 Average Overweight (x) 3 | . . . . 2 3 3 4 5 5 5 4 5 4 5 5 5 Largest Inventory Capacity 25 | 8 15 15 25 25 25 25 25 25 25 25 25 25 25 25 25 25 Average Capacity 22 | 7 11 15 15 23 25 25 25 25 25 25 25 25 25 25 25 25 Most Carried 25 | 1 15 15 16 25 25 25 25 25 25 25 25 25 25 25 25 25 Average Carried 21 | . 8 14 14 20 24 24 24 24 24 24 24 25 24 25 24 23 Final Capacity 25 | 8 15 15 15 25 25 25 25 25 25 25 25 25 25 25 25 25 Final Carried 25 | 1 15 15 15 25 25 24 24 24 25 25 25 25 25 25 25 11 Class Distribution -------------------- 24% | Bothacker-Mutant 19% | Bothacker-Tank 18% | Botlord-Mutant 12% | Mutant 8% | Scavenger-Gunner 5% | Scavenger-Tank Dominant Class ---------------- Mutant | -10/Materials Scavenger-Gunner | -9/Materials Scavenger-Tank | -9/Storage Scavenger-Gunner | -9/Garrison Bothacker-Tank | -9/Recycling Bothacker-Tank | -7/Factory Bothacker-Mutant | -7/Garrison Bothacker-Mutant | -7/Factory Bothacker-Mutant | -7/Garrison Bothacker-Mutant | -6/Factory Bothacker-Tank | -6/Garrison Bothacker-Tank | -5/Factory Botlord-Mutant | -5/Garrison Botlord-Mutant | -5/Factory Botlord-Mutant | -4/Factory Botlord-Mutant | -3/Research Resources | -11 -10 -9 -9 -9 -9 -7 -7 -7 -7 -6 -6 -5 -5 -5 -4 -3 ----------- Run | Yrd Mat Mat Sto Gar Rec Fac Gar Fac Gar Fac Gar Fac Gar Fac Fac Res Matter Collected 7574 | 55 533 83 261 1140 224 346 1241 46 357 . 1450 . 1003 86 51 698 Remotely 274 | . . . . . . . . . . . 274 . . . . . Salvage Created 5614 | . 662 116 302 1151 439 220 392 . 246 . 399 . 636 147 . 904 Parts 240 | . 42 4 15 56 12 11 17 . 12 . 11 . 14 8 . 38 Haulers Intercepted 3 | . 2 . . . . . . . . . . . . . . 1 Recyclers Shooed 1 | . . . 1 . . . . . . . . . . . . . Parts Field Recycled . | . . . . . . . . . . . . . . . . . Retrieved Matter . | . . . . . . . . . . . . . . . . . Parts Self-Destructed . | . . . . . . . . . . . . . . . . . Prevented . | . . . . . . . . . . . . . . . . . Parts Restored . | . . . . . . . . . . . . . . . . . Kills | -11 -10 -9 -9 -9 -9 -7 -7 -7 -7 -6 -6 -5 -5 -5 -4 -3 ------- Run | Yrd Mat Mat Sto Gar Rec Fac Gar Fac Gar Fac Gar Fac Gar Fac Fac Res Combat Hostiles Destroyed 129 | . 16 2 8 28 2 6 19 . 8 . 15 . 9 3 1 12 Melee 1 | . . . . . . . . . 1 . . . . . . . Guns 34 | . 11 1 1 12 1 4 . . . . . . . . . 4 Cannons 82 | . 5 1 4 15 1 2 14 . 7 . 15 . 9 2 1 6 AOE 10 | . . . 3 1 . . 5 . . . . . . 1 . . Classes Destroyed 16 | . 6 . 2 3 . 1 1 . 1 . . . 1 1 . . Worker 2 | . . . 1 . . . . . . . . . . 1 . . Tunneler 1 | . . . . . . . . . . . . . . 1 . . Hauler 3 | . 2 . . . . . . . . . . . . . . 1 Recycler 8 | . 1 . 1 . 6 . . . . . . . . . . . Mechanic 1 | . . . . 1 . . . . . . . . . . . . Operator 2 | . 2 . . . . . . . . . . . . . . . Watcher 4 | . 1 1 1 . . . . . . . . . 1 . . . Swarmer 28 | . 5 . 3 9 . . 4 . . . 5 . 2 . . . Grunt 57 | . 11 2 3 11 . 3 12 . 2 . 4 . 3 1 . 5 Brawler 5 | . . . . . . . 1 . . . 2 . 1 1 . . Duelist 3 | . . . . . . . . . 2 . . . 1 . . . Sentry 19 | . . . 2 5 2 1 1 . 4 . 1 . 1 1 1 . Demolisher 1 | . . . . 1 . . . . . . . . . . . . Hunter 4 | . . . . . . 1 1 . . . . . . . . 2 Programmer 14 | . . . . 3 . 1 . . . . 4 . 1 . . 5 Behemoth 1 | . . . . . . . . . . . . . 1 . . . Best Kill Streak 5 | . 5 2 4 5 3 2 4 . 5 . 4 . 3 4 1 4 Combat Bots Only 5 | . 5 2 3 5 1 2 4 . 5 . 4 . 3 2 1 4 Max Kills in Single Turn 4 | . 1 1 4 2 1 1 3 . 1 . 1 . 1 3 1 1 Gunslinging . | . . . . . . . . . . . . . . . . . Exploded 3 | . . . 3 1 . . 3 . . . . . . 1 . . Melee 1 | . . . . . . . . . 1 . . . . . . . Uniques/NPCs Destroyed . | . . . . . . . . . . . . . . . . . Combat | -11 -10 -9 -9 -9 -9 -7 -7 -7 -7 -6 -6 -5 -5 -5 -4 -3 -------- Run | Yrd Mat Mat Sto Gar Rec Fac Gar Fac Gar Fac Gar Fac Gar Fac Fac Res Hostile Shots Fired 1020 | . 74 4 23 106 12 59 76 . 73 . 125 . 62 5 13 388 Missed 328 | . 24 2 7 24 2 18 24 . 26 . 36 . 21 . 4 140 Hits 692 | . 50 2 16 82 10 41 52 . 47 . 89 . 41 5 9 248 Melee 5 | . . . . . . . . . . . 5 . . . . . Projectile 687 | . 50 2 16 82 10 41 52 . 47 . 84 . 41 5 9 248 AOE 8 | . . . . 8 . . . . . . . . . . . . Critical Strikes 27 | . 2 . . 5 . 1 2 . . . 2 . 2 . 1 12 Actively Blocked 1 | . 1 . . . . . . . . . . . . . . . Part Disruptions 5 | . . . . 2 . . . . . . . . . . . 3 Damage Taken 11637 | . 570 159 201 1404 148 357 661 10 699 . 1411 . 824 115 185 4893 Core 2284 | . 104 . 12 232 29 75 41 . 53 . 184 . 166 25 46 1317 Absorbed by Shields 772 | . . . . . . 145 148 . . . 30 . 42 . . 407 Redirected to Shielding 72 | . 50 . . . . . . . . . . . 22 . . . Ignored by Resistances 93 | . . . . . . . . . . . . . . . . 93 Regen/Repaired (Parts) 363 | . . . . . . 363 . . . . . . . . . . Core Remaining (%) 74 | 100 58 . . . 31 . . . 75 . 78 . . 80 96 . Volleys Fired 612 | . 85 5 26 82 15 30 62 5 17 4 98 . 54 4 20 105 Largest 3 | . 2 3 3 3 3 3 1 1 1 1 1 . 1 1 1 1 Hottest 166 | . 60 70 73 166 166 128 70 70 70 70 70 . 80 80 88 113 Shots Fired 919 | . 169 15 62 190 48 66 63 5 17 4 99 . 54 4 20 103 Gun 386 | . 123 10 43 114 33 39 . . . . . . . . . 24 Cannon 422 | . 46 5 18 65 15 20 59 3 17 1 67 . 36 3 11 56 Launcher 15 | . . . 1 2 . . 4 . . . . . 5 1 . 2 Special 96 | . . . . 9 . 7 . 2 . 3 32 . 13 . 9 21 Kinetic 578 | . 130 15 61 99 27 37 59 3 17 1 67 . 36 3 8 15 Thermal 209 | . 39 . . 84 21 22 . . . 3 1 . . . . 39 Explosive 7 | . . . 1 2 . . 4 . . . . . . . . . Electromagnetic 37 | . . . . . . . . . . . . . 5 1 3 28 Robot Hit Streak 27 | . 16 5 5 16 27 7 19 3 8 . 15 . 10 3 4 8 Robot Miss Streak 4 | . 4 3 4 3 2 4 2 1 1 . 3 . 2 1 3 4 Penetration Max 1 | . . . . . . . . . . . 1 . 1 . . 1 Secondary Targets 3 | . 3 . . . . . . . . . . . . . . . Max Gunslinging Chain 1 | . 1 . . . . . . . . . . . . . . . Capacitor 44 | . . . . . . . . . . . . . . . 3 41 Shots Hit Robots 621 | . 105 8 36 121 36 37 50 4 16 . 85 . 48 4 13 58 Core Hits 257 | . 41 6 17 52 12 14 31 . 8 . 18 . 19 8 3 28 Critical Kills 3 | . . 1 . 1 1 . . . . . . . . . . . Critical Parts Destroyed 1 | . . . 1 . . . . . . . . . . . . . Critical Strikes 30 | . . 1 1 5 2 . 8 . 1 . 4 . 6 1 1 . Burn 5 | . . . . 4 1 . . . . . . . . . . . Meltdown 1 | . . . . 1 . . . . . . . . . . . . Destroy 3 | . . 1 1 . 1 . . . . . . . . . . . Blast 21 | . . . . . . . 8 . 1 . 4 . 6 1 1 . Melee Attacks 92 | . . . . . . . 21 1 5 11 20 . 26 . 2 6 Impact 22 | . . . . . . . 21 1 . . . . . . . . Slashing 69 | . . . . . . . . . 5 11 20 . 26 . 2 5 Piercing 1 | . . . . . . . . . . . . . . . . 1 Sneak Attacks 1 | . . . . . . . . . . . 1 . . . . . Combat Hostiles . | . . . . . . . . . . . . . . . . . Follow-up Attacks . | . . . . . . . . . . . . . . . . . Damage Inflicted 21928 | . 1148 107 606 2322 710 651 3243 238 1225 . 4951 . 2994 583 656 2494 Guns 3547 | . 710 52 235 1179 429 418 . . . . . . . . . 524 Cannons 14546 | . 438 55 210 810 281 233 2852 238 1181 . 4046 . 1948 227 619 1408 Explosions 1916 | . . . 161 288 . . 391 . . . . . 158 356 . 562 Melee 1874 | . . . . . . . . . 44 . 905 . 888 . 37 . Ramming . | . . . . . . . . . . . . . . . . . Kinetic 14658 | . 886 107 445 929 401 385 2852 238 1181 . 4046 . 1948 227 585 428 Thermal 2946 | . 262 . . 1105 309 266 . . . . . . . . . 1004 Explosive 1234 | . . . 161 288 . . 391 . . . . . . 178 . 216 Electromagnetic 1216 | . . . . . . . . . . . . . 158 178 34 846 Impact . | . . . . . . . . . . . . . . . . . Slashing 1874 | . . . . . . . . . 44 . 905 . 888 . 37 . Piercing . | . . . . . . . . . . . . . . . . . Highest Corruption 27 | . . . . 8 9 1 2 2 2 . 5 . . . . 27 Average Corruption 4 | . . . . 7 8 1 1 2 2 . 4 . . . . 7 Corruption Purged . | . . . . . . . . . . . . . . . . . Corruption Blocked . | . . . . . . . . . . . . . . . . . Effects 143 | . . . . 38 25 1 18 1 13 . 25 . . . . 22 Message Errors 34 | . . . . 8 5 . 5 . 3 . 7 . . . . 6 Matter Fused 30 | . . . . 7 8 . 3 1 4 . 5 . . . . 2 Heat Flow Errors 22 | . . . . 10 6 . 2 . 1 . 1 . . . . 2 Energy Discharges 18 | . . . . 5 1 1 3 . 3 . 3 . . . . 2 Parts Rejected 1 | . . . . . . . 1 . . . . . . . . . Parts Fused 1 | . . . . . . . . . . . 1 . . . . . Data Loss (minor) 18 | . . . . 5 2 . 2 . 1 . 4 . . . . 4 Data Loss (major) 6 | . . . . 1 . . 1 . . . 1 . . . . 3 Misfires 7 | . . . . 2 3 . 1 . . . 1 . . . . . Alerts 4 | . . . . . . . . . 1 . 2 . . . . 1 Weapon Failures 2 | . . . . . . . . . . . . . . . . 2 Overload Shots . | . . . . . . . . . . . . . . . . . Overflow Damage 1280 | . 10 . . 4 . . 229 . 25 . 646 . 249 20 10 87 Projectiles 1149 | . 10 . . . . . 202 . 25 . 625 . 198 . 10 79 Explosions 59 | . . . . 4 . . 27 . . . . . . 20 . 8 Melee 72 | . . . . . . . . . . . 21 . 51 . . . Knockbacks 41 | . 5 . 1 1 1 . 8 . 5 . 14 . 4 . . 2 Impact . | . . . . . . . . . . . . . . . . . Kinetic 37 | . 5 . 1 1 1 . 6 . 5 . 13 . 4 . . 1 Secondary 4 | . . . . . . . 2 . . . 1 . . . . 1 Self-Inflicted Damage 169 | . . . . 78 . . 9 . . . . . 19 . . 63 Shots 7 | . . . . 2 . . 1 . . . . . 2 . . 2 Rammed . | . . . . . . . . . . . . . . . . . Targets Rammed . | . . . . . . . . . . . . . . . . . Kicked . | . . . . . . . . . . . . . . . . . Crushed . | . . . . . . . . . . . . . . . . . Highest Temperature 712 | . 88 68 44 712 434 1 208 161 408 12 71 . . 6 177 306 Average Temperature 90 | . 21 26 11 138 94 1 33 113 173 9 20 . . 3 34 70 Received Heat Transfer 1658 | . 258 18 75 120 54 115 276 . 153 . 117 . 156 27 39 250 Effects 21 | . . . . 15 2 . . . 4 . . . . . . . Shutdowns 5 | . . . . 3 1 . . . 1 . . . . . . . Energy Bleed 2 | . . . . . 1 . . . 1 . . . . . . . Interference 5 | . . . . 4 . . . . 1 . . . . . . . Matter Decay 3 | . . . . 3 . . . . . . . . . . . . Short Circuit 2 | . . . . 1 . . . . 1 . . . . . . . Damage (minor) 2 | . . . . 2 . . . . . . . . . . . . Damage (major) 2 | . . . . 2 . . . . . . . . . . . . Siege Activations . | . . . . . . . . . . . . . . . . . Martial Activations . | . . . . . . . . . . . . . . . . . Shielding Activations . | . . . . . . . . . . . . . . . . . Robots Disrupted . | . . . . . . . . . . . . . . . . . Combat Hostiles . | . . . . . . . . . . . . . . . . . Robots Corrupted 2 | . . . . . . . . . . . . . . . . 2 Combat Hostiles 2 | . . . . . . . . . . . . . . . . 2 Parts Fried 5 | . . . . . . . . . . . . . . . . 5 Impact Corruptions 1 | . . . . . . . . . . . . . . . . 1 Robots Melted 1 | . . . . 1 . . . . . . . . . . . . Combat Hostiles . | . . . . . . . . . . . . . . . . . Parts Melted 4 | . . . . 3 . 1 . . . . . . . . . . Heat Transferred 5645 | . 600 . . 2812 740 555 . . . . . . . . . 938 Parts Sabotaged . | . . . . . . . . . . . . . . . . . Parts Stolen . | . . . . . . . . . . . . . . . . . Parts Stripped . | . . . . . . . . . . . . . . . . . Power Chain Reactions 1 | . . . . . . . . . . . . . . . . 1 Alert | -11 -10 -9 -9 -9 -9 -7 -7 -7 -7 -6 -6 -5 -5 -5 -4 -3 ------- Run | Yrd Mat Mat Sto Gar Rec Fac Gar Fac Gar Fac Gar Fac Gar Fac Fac Res Maximum Alert Level 3 | . . . . 3 2 1 3 2 3 1 3 2 3 3 1 . Low Security (%) 33 | 100 100 100 100 11 . 45 14 . . . 4 . . . 7 100 Level 1 26 | . . . . 10 75 54 25 73 13 100 32 . 24 . 92 . Level 2 22 | . . . . 32 24 . 25 26 62 . 42 100 42 42 . . Level 3 17 | . . . . 44 . . 35 . 24 . 20 . 32 57 . . Level 4 . | . . . . . . . . . . . . . . . . . Level 5 . | . . . . . . . . . . . . . . . . . High Security . | . . . . . . . . . . . . . . . . . Max Security . | . . . . . . . . . . . . . . . . . Peak Influence 1047 | . 110 50 135 1014 453 346 939 492 751 394 780 409 1047 767 360 103 Initial 549 | . . 24 10 56 453 346 82 492 228 394 157 409 286 549 360 103 Average 360 | . 50 6 51 623 340 205 508 372 556 299 468 409 605 663 261 25 Influence Increases 6777 | . 516 72 267 1152 164 478 907 64 573 29 813 . 961 338 96 347 Destroy 0b10 Robot/C 3160 | . 320 40 160 620 40 120 400 40 260 . 400 . 380 80 60 240 Destroy 0b10 Robot/NC 160 | . 30 5 15 20 30 . 15 . . . 10 . 20 10 . 5 Destroy Leader 362 | . 86 12 32 10 . 40 30 10 10 . 20 . 40 30 10 32 Allied During Kill 142 | . . . . 31 . . 9 6 15 . 7 . 53 14 7 . Successful Hack 225 | . 33 14 18 30 30 33 . 7 14 18 14 . 14 . . . Select Force Hacks 60 | . . . . . 60 . . . . . . . . . . . Disable Machine 315 | . 30 . . . . . 90 . . . . . 30 120 15 30 Anti-Garrison Action 1400 | . . . . 400 . . 300 . 100 . 300 . 300 . . . Destroy Structure 328 | . 2 1 12 11 4 5 48 1 24 11 17 . 64 84 4 40 Advance Influence 250 | . . . . . . 250 . . . . . . . . . . Partial Spotted 30 | . . . . . . . . . 30 . . . . . . . Lose Combat Pursuer 345 | . 15 . 30 30 . 30 15 . 120 . 45 . 60 . . . Influence Decreases 6777 | . 457 105 206 231 941 591 86 677 148 555 258 371 323 648 635 545 Entered New Map 3242 | . . 35 16 31 555 135 36 447 98 357 68 371 123 498 377 95 Time Decay 2256 | . 437 70 190 . 386 326 . 40 . 198 . . . 90 238 281 Search Patrol Dispatched 100 | . . . . . . 100 . . . . . . . . . . Lost Part 428 | . 20 . . 80 . . 30 . . . 90 . 40 . . 168 Lost Ally 601 | . . . . 120 . 30 20 40 50 . 100 . 160 60 20 1 Purge Threat 150 | . . . . . . . . 150 . . . . . . . . Squads Dispatched 20 | . 4 . . . . 5 . 3 . 3 . 1 . . . 4 Investigation 7 | . 1 . . . . 2 . 1 . 2 . 1 . . . . Extermination 3 | . . . . . . 1 . . . . . . . . . 2 Reinforcement 8 | . 3 . . . . 1 . 2 . . . . . . . 2 Assault . | . . . . . . . . . . . . . . . . . Garrison 2 | . . . . . . 1 . . . 1 . . . . . . Intercept . | . . . . . . . . . . . . . . . . . Searches Triggered 1 | . . . . . . 1 . . . . . . . . . . Construction Impeded 1 | . . . . . . . . . . . . . . . . 1 Haulers Reinforced 2 | . . . . . . . . 1 . . . . . . . 1 Active Scanning Responses . | . . . . . . . . . . . . . . . . . Cargo Convoy Interrupts . | . . . . . . . . . . . . . . . . . Stealth | -11 -10 -9 -9 -9 -9 -7 -7 -7 -7 -6 -6 -5 -5 -5 -4 -3 --------- Run | Yrd Mat Mat Sto Gar Rec Fac Gar Fac Gar Fac Gar Fac Gar Fac Fac Res Distress Signals 7 | . 4 . . . . 1 . . . . . . . . . 2 Communications Jammed . | . . . . . . . . . . . . . . . . . Distress Signals . | . . . . . . . . . . . . . . . . . Times Spotted 249 | . 39 3 12 30 2 13 20 3 18 . 38 . 28 5 7 31 Peak Tracking Total 10 | . 5 2 4 4 1 3 5 2 7 . 7 . 7 4 3 10 Tactical Retreats 17 | . 1 . 2 1 . 2 1 . 4 . 2 . 4 . . . Traps | -11 -10 -9 -9 -9 -9 -7 -7 -7 -7 -6 -6 -5 -5 -5 -4 -3 ------- Run | Yrd Mat Mat Sto Gar Rec Fac Gar Fac Gar Fac Gar Fac Gar Fac Fac Res Traps Triggered 42 | . 1 1 . 11 . . 8 . 2 . 10 . 5 3 1 . Indirectly 3 | . . . . . . . . . . . . . . 3 . . Trap Hack Attempts . | . . . . . . . . . . . . . . . . . Triggered . | . . . . . . . . . . . . . . . . . Disarmed . | . . . . . . . . . . . . . . . . . Reprogrammed . | . . . . . . . . . . . . . . . . . Reused . | . . . . . . . . . . . . . . . . . Traps Extracted . | . . . . . . . . . . . . . . . . . Installed 1 | . . . . . . . 1 . . . . . . . . . Triggered . | . . . . . . . . . . . . . . . . . Most Traps Carried 2 | . . . . . . . 2 1 1 1 1 . . . . . Machines | -11 -10 -9 -9 -9 -9 -7 -7 -7 -7 -6 -6 -5 -5 -5 -4 -3 ---------- Run | Yrd Mat Mat Sto Gar Rec Fac Gar Fac Gar Fac Gar Fac Gar Fac Fac Res Machines Disabled 38 | . 2 . . 6 . . 8 . 2 . 4 . 5 8 1 2 Max in Single Turn 4 | . 1 . . 1 . . 1 . 1 . 1 . 1 4 1 1 Garrison Access 2 | . . . . . . . . . . . . . . . 1 1 Garrison Relay 13 | . . . . 4 . . 2 . 1 . 3 . 3 . . . Phase Generator 4 | . . . . 1 . . . . 1 . 1 . 1 . . . Machines Repaired . | . . . . . . . . . . . . . . . . . Machines Dismantled 4 | . . . . 1 . . . . 1 . 2 . . . . . Machines Sabotaged . | . . . . . . . . . . . . . . . . . Overloaded Fab Kills . | . . . . . . . . . . . . . . . . . Hacking | -11 -10 -9 -9 -9 -9 -7 -7 -7 -7 -6 -6 -5 -5 -5 -4 -3 --------- Run | Yrd Mat Mat Sto Gar Rec Fac Gar Fac Gar Fac Gar Fac Gar Fac Fac Res Machines Accessed 57 | . 6 7 4 3 14 5 2 1 1 3 2 1 2 . 2 4 Terminals 31 | . 4 5 2 3 6 2 2 . 1 . 2 . 2 . . 2 Fabricators 1 | . . . . . . . . . . . . . . . 1 . Repair Stations 1 | . . . . . . 1 . . . . . . . . . . Recycling Units 13 | . 2 1 1 . 8 . . . . 1 . . . . . . Scanalyzers 4 | . . 1 . . . 1 . . . 1 . . . . . 1 Garrison Access 7 | . . . 1 . . 1 . 1 . 1 . 1 . . 1 1 Total Hacks 156 | . 21 27 12 6 45 12 3 2 2 9 4 3 3 . 3 4 Successful 75 | . 14 13 4 2 21 8 1 2 1 4 1 1 1 . 1 1 Failed 81 | . 7 14 8 4 24 4 2 . 1 5 3 2 2 . 2 3 Catastrophic 15 | . 2 1 . 2 4 1 1 . 1 . . . 1 . . 2 Database Lockouts . | . . . . . . . . . . . . . . . . . Manual 75 | . 16 16 1 1 30 5 . 1 . 2 1 2 . . . . Terminals 89 | . 17 17 5 6 26 4 3 . 2 . 4 . 3 . . 2 Fabricators 2 | . . . . . . . . . . . . . . . 2 . Repair Stations 4 | . . . . . . 4 . . . . . . . . . . Recycling Units 30 | . 4 1 3 . 19 . . . . 3 . . . . . . Scanalyzers 15 | . . 9 . . . 2 . . . 3 . . . . . 1 Garrison Access 16 | . . . 4 . . 2 . 2 . 3 . 3 . . 1 1 Terminal Hacks 13 | . 2 . 2 2 3 . 1 . 1 . 1 . 1 . . . Part Schematic 1 | . . . . . 1 . . . . . . . . . . . Robot Analysis 2 | . . . . . 2 . . . . . . . . . . . Prototype ID Bank 2 | . 1 . 1 . . . . . . . . . . . . . Open Door 1 | . . . . . . . 1 . . . . . . . . . Branch Access Points 1 | . 1 . . . . . . . . . . . . . . . Emergency Access Points 3 | . . . . 1 . . . . 1 . . . 1 . . . Locate Traps 1 | . . . 1 . . . . . . . . . . . . . Patrol Navigation 1 | . . . . . . . . . . . 1 . . . . . Security Stations 1 | . . . . 1 . . . . . . . . . . . . Fabricator Hacks . | . . . . . . . . . . . . . . . . . Repair Station Hacks 4 | . . . . . . 4 . . . . . . . . . . Scan Component 2 | . . . . . . 2 . . . . . . . . . . Repair 2 | . . . . . . 2 . . . . . . . . . . Recycling Unit Hacks 14 | . 2 1 1 . 9 . . . . 1 . . . . . . Retrieve Components 14 | . 2 1 1 . 9 . . . . 1 . . . . . . Scanalyzer 7 | . . 6 . . . . . . . 1 . . . . . . Insert Component 2 | . . 2 . . . . . . . . . . . . . . Analyze 1 | . . 1 . . . . . . . . . . . . . . Retrieve Study 4 | . . 3 . . . . . . . 1 . . . . . . Garrison Access Hacks 7 | . . . 1 . . 1 . 1 . 1 . 1 . . 1 1 Unlock Access 5 | . . . 1 . . 1 . 1 . 1 . 1 . . . . Seal Access 2 | . . . . . . . . . . . . . . . 1 1 Unauthorized Hacks 30 | . 10 6 . . 9 3 . 1 . 1 . . . . . . Terminals 25 | . 10 6 . . 7 2 . . . . . . . . . . Assimilate 3 | . 3 . . . . . . . . . . . . . . . Botnet 1 | . 1 . . . . . . . . . . . . . . . Disrupt 1 | . 1 . . . . . . . . . . . . . . . Operators 4 | . 1 1 . . 1 1 . . . . . . . . . . Skim 16 | . 4 5 . . 6 1 . . . . . . . . . . Fabricators . | . . . . . . . . . . . . . . . . . Repair Stations . | . . . . . . . . . . . . . . . . . Recycling Units 2 | . . . . . 2 . . . . . . . . . . . Tunnel 2 | . . . . . 2 . . . . . . . . . . . Scanalyzers . | . . . . . . . . . . . . . . . . . Garrison Access 3 | . . . . . . 1 . 1 . 1 . . . . . . Reprogram 3 | . . . . . . 1 . 1 . 1 . . . . . . Data Cores Recovered . | . . . . . . . . . . . . . . . . . Used . | . . . . . . . . . . . . . . . . . Hacking Detections 46 | . 5 6 3 2 10 5 2 . 1 3 2 1 2 . 1 3 Full Trace Events 9 | . . . 1 1 3 1 . . . 1 . 1 1 . . . Feedback Events 1 | . . . . . 1 . . . . . . . . . . . Corruption 1 | . . . . . 1 . . . . . . . . . . . Feedback Blocked . | . . . . . . . . . . . . . . . . . Robot Schematics Acquired . | . . . . . . . . . . . . . . . . . Robots Built . | . . . . . . . . . . . . . . . . . Authchips . | . . . . . . . . . . . . . . . . . Time . | . . . . . . . . . . . . . . . . . Total Robot Build Rating . | . . . . . . . . . . . . . . . . . Part Schematics Acquired 2 | . . 1 . . 1 . . . . . . . . . . . Parts Built . | . . . . . . . . . . . . . . . . . Authchips . | . . . . . . . . . . . . . . . . . Time . | . . . . . . . . . . . . . . . . . Total Part Build Rating . | . . . . . . . . . . . . . . . . . Part Studies Acquired 3 | . . 3 . . . . . . . . . . . . . . Parts Repaired 2 | . . . . . . 2 . . . . . . . . . . Time 88 | . . . . . . 88 . . . . . . . . . . Parts Recycled . | . . . . . . . . . . . . . . . . . Recycled Matter . | . . . . . . . . . . . . . . . . . Retrieved Matter . | . . . . . . . . . . . . . . . . . Retrieved Components 35 | . 19 4 9 . 3 . . . . . . . . . . . Parts Scanalyzed 1 | . . 1 . . . . . . . . . . . . . . Part Schematics Acquired 1 | . . 1 . . . . . . . . . . . . . . Parts Damaged . | . . . . . . . . . . . . . . . . . Bothacking | -11 -10 -9 -9 -9 -9 -7 -7 -7 -7 -6 -6 -5 -5 -5 -4 -3 ------------ Run | Yrd Mat Mat Sto Gar Rec Fac Gar Fac Gar Fac Gar Fac Gar Fac Fac Res Used RIF Installer 5 | . . . . 1 . . 1 . 1 . 1 . 1 . . . Coupler Efficiency 2 | . . . . . . . 1 . . . 1 . . . . . Zone Cloak 1 | . . . . . . . . . . . . . 1 . . . Robot Detection 1 | . . . . . . . . . 1 . . . . . . . Robots Hacked 43 | . . . . . . 4 . 2 . . 14 . 10 . 4 9 Non-combat 9 | . . . . . . 2 . 1 . . . . . . 1 5 Combat 34 | . . . . . . 2 . 1 . . 14 . 10 . 3 4 Robot Hacks Applied 45 | . . . . . . 5 . 2 . . 15 . 10 . 4 9 parse_system 3 | . . . . . . . . 1 . . 2 . . . . . drop_inventory 3 | . . . . . . . . . . . . . . . . 3 purge_threat 1 | . . . . . . . . 1 . . . . . . . . map_route 3 | . . . . . . . . . . . . . . . 1 2 find_garrison 1 | . . . . . . 1 . . . . . . . . . . amplify_resonance 6 | . . . . . . . . . . . 4 . 2 . . . wipe_record 1 | . . . . . . . . . . . . . . . 1 . overwrite_iff 14 | . . . . . . 2 . . . . 3 . 6 . 1 2 streamctrl_high 2 | . . . . . . . . . . . 2 . . . . . formatsys_low 1 | . . . . . . 1 . . . . . . . . . . formatsys_high 10 | . . . . . . 1 . . . . 4 . 2 . 1 2 Relay Couplers Released 56 | . . . . 16 . . 10 . 5 . 14 . 11 . . . Machine Destruction 56 | . . . . 16 . . 10 . 5 . 14 . 11 . . . Attached 22 | . . . . . . 2 1 1 . 1 8 . 5 . . 4 Fabnet Peak Effective % . | . . . . . . . . . . . . . . . . . Robots Rewired 17 | . . . . 8 . . 2 . . . . . 7 . . . Allies Hacked 2 | . . . . 1 . 1 . . . . . . . . . . Hacks Repelled . | . . . . . . . . . . . . . . . . . Allies | -11 -10 -9 -9 -9 -9 -7 -7 -7 -7 -6 -6 -5 -5 -5 -4 -3 -------- Run | Yrd Mat Mat Sto Gar Rec Fac Gar Fac Gar Fac Gar Fac Gar Fac Fac Res Total Allies 48 | . . . . 8 . 5 3 1 . 1 9 . 15 . 2 4 Largest Group 4 | . . . . 3 . 3 4 4 3 1 3 . 4 4 3 3 Highest-Rated Group 178 | . . . . 45 . 41 127 127 92 32 76 . 178 118 89 124 Highest-Rated Ally 62 | . . . . 24 . 32 62 62 62 32 32 . 49 30 47 56 Total Orders 6 | . . . . . . 1 2 . 1 . . . . . 1 1 STAY 4 | . . . . . . . 1 . 1 . . . . . 1 1 FOLLOW 1 | . . . . . . . 1 . . . . . . . . . AID 1 | . . . . . . 1 . . . . . . . . . . Ally Attacks 158 | . . . . 23 . 3 4 14 10 . 28 . 42 10 11 13 Total Damage 3857 | . . . . 268 . 16 156 496 426 . 743 . 967 175 237 373 Kills 30 | . . . . 3 . . 1 2 5 . 6 . 10 1 2 . Allies Corrupted 1 | . . . . . . . . . . . . . . 1 . . Allies Melted 1 | . . . . . . . . . . . 1 . . . . . Intel | -11 -10 -9 -9 -9 -9 -7 -7 -7 -7 -6 -6 -5 -5 -5 -4 -3 ------- Run | Yrd Mat Mat Sto Gar Rec Fac Gar Fac Gar Fac Gar Fac Gar Fac Fac Res Active Infowar (turns) 2405 | . . 221 160 . . . . . . 358 127 . . . 462 1077 Optics 53 | . . . . . . . . . . . . . . . . 53 Sensors 381 | . . 221 160 . . . . . . . . . . . . . Terrain 2024 | . . . . . . . . . . 358 127 . . . 462 1077 Robot Analysis Total 2 | . . . . . 2 . . . . . . . . . . . Derelict Logs Recovered . | . . . . . . . . . . . . . . . . . Drone Launches . | . . . . . . . . . . . . . . . . . Drone Recoveries . | . . . . . . . . . . . . . . . . . Exploration | -11 -10 -9 -9 -9 -9 -7 -7 -7 -7 -6 -6 -5 -5 -5 -4 -3 ------------- Run | Yrd Mat Mat Sto Gar Rec Fac Gar Fac Gar Fac Gar Fac Gar Fac Fac Res Turns Passed 13760 | 48 1500 509 524 1669 917 728 1864 93 584 408 1628 16 1435 184 510 1143 Spaces Moved 6648 | 27 755 297 266 832 562 323 928 42 247 203 678 9 642 96 238 503 Core 5 | 4 . . . . . . . . . . . . . . . 1 Treads 1471 | 23 755 297 266 130 . . . . . . . . . . . . Legs . | . . . . . . . . . . . . . . . . . Wheels 5172 | . . . . 702 562 323 928 42 247 203 678 9 642 96 238 502 Hover . | . . . . . . . . . . . . . . . . . Flight . | . . . . . . . . . . . . . . . . . Fastest Speed 50 | 50 160 160 160 120 145 145 160 175 175 175 160 175 160 175 175 145 Average Speed 162 | 143 160 160 160 142 145 154 165 175 175 175 172 175 170 175 188 178 Slowest Speed 1450 | 160 160 160 160 165 145 160 175 175 175 175 175 175 175 175 190 1450 Overloaded Moves . | . . . . . . . . . . . . . . . . . Propulsion Burnouts . | . . . . . . . . . . . . . . . . . Robots Hopped . | . . . . . . . . . . . . . . . . . Potential Cave-ins . | . . . . . . . . . . . . . . . . . Cave-ins Triggered 1 | . . . . . . . . . . . . . . . . 1 Exploration Rate (%) 40 | 3 93 34 41 98 89 8 94 3 35 8 74 1 70 4 7 20 Regions Visited 16 Branch Regions 2 Pre-discovered Areas 5 | . . 3 . . 2 . . . . . . . . . . . Known Exits Taken 7 | . . 1 1 . . 1 . 1 . 1 . 1 . . 1 . Unknown Exits Taken 4 | 1 1 . . . 1 . . . . . . . . 1 . . Scrap Searched . | . . . . . . . . . . . . . . . . . Spaces Dug 26 | . . . . . . 1 1 . . 12 3 . 3 . . 6 Terrain Destroyed 148 | . . . 9 6 4 3 3 . 3 12 20 . 13 52 2 21 Melee 15 | . . . . . . . . . . 11 1 . . . . 3 Projectile 58 | . . . . . 4 3 3 . 3 1 19 . 13 . 2 10 AOE 75 | . . . 9 6 . . . . . . . . . 52 . 8 Terrain Rammed . | . . . . . . . . . . . . . . . . . Walls Destroyed . | . . . . . . . . . . . . . . . . . Machines Disabled . | . . . . . . . . . . . . . . . . . Actions | -11 -10 -9 -9 -9 -9 -7 -7 -7 -7 -6 -6 -5 -5 -5 -4 -3 --------- Run | Yrd Mat Mat Sto Gar Rec Fac Gar Fac Gar Fac Gar Fac Gar Fac Fac Res Total 8588 | 33 895 324 324 1155 637 506 1138 53 351 232 966 9 881 107 282 695 Wait 404 | . 28 5 12 39 39 128 10 . 47 . 39 . 39 2 1 15 Move 6634 | 26 754 296 265 831 561 322 927 41 246 203 677 9 641 95 237 503 Hop . | . . . . . . . . . . . . . . . . . Pick Up 126 | . 16 7 2 25 8 5 12 1 4 3 18 . 10 . 6 9 Fast Attach 54 | 6 3 . 2 6 1 3 6 . 2 1 4 . 8 . 2 10 Attach 58 | . 1 3 2 9 1 3 4 . 2 1 10 . 2 . 4 16 Detach 6 | . . . 1 . . 1 . . . . 2 . . . 1 1 Swap 104 | 1 3 2 8 8 2 9 8 4 4 5 19 . 10 4 3 14 Drop 131 | . 5 6 6 17 10 5 19 1 7 4 14 . 13 2 6 16 Fire 612 | . 85 5 26 82 15 30 62 5 17 4 98 . 54 4 20 105 Melee 92 | . . . . . . . 21 1 5 11 20 . 26 . 2 6 Ram . | . . . . . . . . . . . . . . . . . Kick . | . . . . . . . . . . . . . . . . . Crush . | . . . . . . . . . . . . . . . . . Escape Stasis 212 | . . . . 72 . . 51 . 8 . 53 . 28 . . . Rewire 124 | . . . . 57 . . 17 . . . . . 50 . . . Trap 1 | . . . . . . . 1 . . . . . . . . . Miscellaneous 30 | . . . . 9 . . . . 9 . 12 . . . . . Route ------- -11/Scrapyard -10/Materials (discovered 5 exits: *Mat x3 / *Min x2) -9/Materials (discovered 5 exits: *Mat x3 / [*Min] / *Sto) -9/Storage (discovered 2 exits: Rec / Gar) -9/Garrison (discovered 3 exits: *Rec x3) -9/Recycling -7/Factory -7/Garrison (discovered 3 exits: *Fac x3) -7/Factory -7/Garrison -6/Factory -6/Garrison (discovered 3 exits: *Fac x3) -5/Factory -5/Garrison (discovered 2 exits: [*Fac x2]) -5/Factory -4/Factory (discovered 2 exits: *Res / *Upp) -3/Research History --------- Turn | Location | Event 17 | -11/Scrapyard | Discovered new exit (range 16) 49 | -11/Scrapyard | Entered Materials 303 | -10/Materials | Build established: Mutant 409 | -10/Materials | Discovered new exit (range 15) 642 | -10/Materials | Discovered new exit (range 16) 736 | -10/Materials | Discovered new exit (range 16) 755 | -10/Materials | Discovered new exit (range 10) 1050 | -10/Materials | Identified exit to Mines 1090 | -10/Materials | Discovered new exit (range 8) 1549 | -10/Materials | Entered another Materials area 1549 | -9/Materials | Evolved 2 slots: Utility x1, Weapon x1 1582 | -9/Materials | Discovered new exit (range 13) 1825 | -9/Materials | Discovered new exit (range 8) 1837 | -9/Materials | Identified exit to Materials 1841 | -9/Materials | Learned location of Storage (-9) 1927 | -9/Materials | Learned Storage interactive machine intel 2032 | -9/Materials | Discovered new exit (range 13) 2055 | -9/Materials | Identified exit to Storage 2058 | -9/Materials | Entered Storage 2059 | -9/Storage | Identified exit to Recycling 2060 | -9/Storage | Loaded intel: 20 interactive machine locations 2071 | -9/Storage | Identified exit to Garrison 2131 | -9/Storage | Build established: Scavenger-Skirmisher 2582 | -9/Storage | Entered Garrison 2651 | -9/Garrison | Build established: Scavenger-Tank 2655 | -9/Garrison | Phase Generator disabled 2816 | -9/Garrison | Triggered checkpoint 2835 | -9/Garrison | Garrison Relay disabled 2889 | -9/Garrison | Garrison Relay disabled 2940 | -9/Garrison | Triggered checkpoint 2965 | -9/Garrison | Triggered checkpoint 3091 | -9/Garrison | Garrison Relay disabled 3138 | -9/Garrison | P-60 Hacker assimilated allied Pest 2a 3192 | -9/Garrison | Lost 7 parts (1p1n1u4w) 3384 | -9/Garrison | Discovered exit to Recycling (range 7) 3386 | -9/Garrison | Triggered checkpoint 3460 | -9/Garrison | Build established: Scavenger-Gunner 3465 | -9/Garrison | Garrison Relay disabled 3554 | -9/Garrison | Triggered checkpoint 3714 | -9/Garrison | Triggered checkpoint 3723 | -9/Garrison | Learned Recycling security intel 3781 | -9/Garrison | Core integrity fell below 50% 3917 | -9/Garrison | Discovered exit to Recycling (range 12) 4056 | -9/Garrison | Triggered checkpoint 4112 | -9/Garrison | Discovered exit to Recycling (range 12) 4196 | -9/Garrison | Installed Relay Interface Framework 4251 | -9/Garrison | Entered Recycling 4450 | -9/Recycling | Build established: Bothacker-Tank 4660 | -9/Recycling | Discovered new exit (range 16) 5168 | -9/Recycling | Entered Factory 5168 | -7/Factory | Evolved 4 slots: Power x1, Utility x3 5358 | -7/Factory | Repaired Arm. Huge Wheel 5404 | -7/Factory | Repaired Adv. Assault Cannon 5568 | -7/Factory | Search patrols dispatched 5857 | -7/Factory | Identified exit to Garrison 5896 | -7/Factory | Entered Garrison 5896 | -7/Garrison | Accompanied by 2 allies 5960 | -7/Garrison | Triggered checkpoint 6136 | -7/Garrison | Triggered checkpoint 6157 | -7/Garrison | Triggered checkpoint 6235 | -7/Garrison | Discovered new exit (range 15) 6251 | -7/Garrison | Expanded RIF knowledge: Coupler Efficiency 6285 | -7/Garrison | Build established: Bothacker-Mutant 6330 | -7/Garrison | Triggered checkpoint 6530 | -7/Garrison | Triggered checkpoint 6667 | -7/Garrison | Garrison Relay disabled 6723 | -7/Garrison | Discovered new exit (range 11) 6956 | -7/Garrison | Triggered checkpoint 7052 | -7/Garrison | Triggered checkpoint 7081 | -7/Garrison | Garrison Relay disabled 7137 | -7/Garrison | Discovered new exit (range 12) 7760 | -7/Garrison | Entered Factory 7760 | -7/Factory | Accompanied by 4 allies 7826 | -7/Factory | Identified exit to Garrison 7853 | -7/Factory | Entered Garrison 7853 | -7/Garrison | Accompanied by 3 allies 7911 | -7/Garrison | Expanded RIF knowledge: Robot Detection 8092 | -7/Garrison | Garrison Relay disabled 8127 | -7/Garrison | Triggered checkpoint 8158 | -7/Garrison | Spotted B-75 Beast 8158 | -7/Garrison | Spotted B-75 Beast 8233 | -7/Garrison | Phase Generator disabled 8287 | -7/Garrison | Triggered checkpoint 8363 | -7/Garrison | Triggered checkpoint 8417 | -7/Garrison | Discovered new exit (range 8) 8437 | -7/Garrison | Entered Factory 8437 | -6/Factory | Evolved 2 slots: Utility x2 8835 | -6/Factory | Identified exit to Garrison 8845 | -6/Factory | Entered Garrison 8845 | -6/Garrison | Accompanied by 1 ally 9033 | -6/Garrison | Triggered checkpoint 9177 | -6/Garrison | Garrison Relay disabled 9253 | -6/Garrison | Triggered checkpoint 9255 | -6/Garrison | Triggered checkpoint 9344 | -6/Garrison | Build established: Bothacker-Tank 9405 | -6/Garrison | Phase Generator disabled 9431 | -6/Garrison | Discovered new exit (range 3) 9738 | -6/Garrison | Lost 3 parts (1p1u1w) 9825 | -6/Garrison | Triggered checkpoint 9877 | -6/Garrison | Discovered new exit (range 14) 9950 | -6/Garrison | Found Gamma Bomb Array 9960 | -6/Garrison | Spotted B-75 Beast 9995 | -6/Garrison | Allies destroyed B-75 Beast 10105 | -6/Garrison | Triggered checkpoint 10115 | -6/Garrison | Garrison Relay disabled 10333 | -6/Garrison | Triggered checkpoint 10348 | -6/Garrison | Garrison Relay disabled 10382 | -6/Garrison | Expanded RIF knowledge: Coupler Efficiency 10452 | -6/Garrison | Discovered new exit (range 11) 10473 | -6/Garrison | Entered Factory 10473 | -5/Factory | Evolved 2 slots: Utility x2 10489 | -5/Factory | Identified exit to Garrison 10489 | -5/Factory | Entered Garrison 10655 | -5/Garrison | Triggered checkpoint 10730 | -5/Garrison | Garrison Relay disabled 10812 | -5/Garrison | Spotted B-75 Beast 10857 | -5/Garrison | Destroyed B-75 Beast 10937 | -5/Garrison | Triggered checkpoint 11011 | -5/Garrison | Discovered new exit (range 8) 11063 | -5/Garrison | Triggered checkpoint 11107 | -5/Garrison | Garrison Relay disabled 11340 | -5/Garrison | Triggered checkpoint 11455 | -5/Garrison | Triggered checkpoint 11523 | -5/Garrison | Lost 5 allies 11546 | -5/Garrison | Discovered new exit (range 13) 11562 | -5/Garrison | Phase Generator disabled 11578 | -5/Garrison | Met a derelict Sapper fleeing the area 11615 | -5/Garrison | Garrison Relay disabled 11794 | -5/Garrison | Build established: Botlord-Mutant 11838 | -5/Garrison | Expanded RIF knowledge: Zone Cloak 11924 | -5/Garrison | Entered Factory 11924 | -5/Factory | Accompanied by 4 allies 12025 | -5/Factory | Lost 3 allies 12042 | -5/Factory | Discovered new exit (range 10) 12108 | -5/Factory | Entered another Factory area 12108 | -4/Factory | Accompanied by 1 ally 12108 | -4/Factory | Evolved 2 slots: Power x1, Utility x1 12390 | -4/Factory | Discovered new exit (range 23) 12390 | -4/Factory | Discovered new exit (range 58) 12451 | -4/Factory | Identified exit to Upper Caves 12571 | -4/Factory | Found Quantum Capacitor 12610 | -4/Factory | Identified exit to Research 12618 | -4/Factory | Entered Research 12618 | -3/Research | Accompanied by 1 ally 12618 | -3/Research | Evolved 2 slots: Utility x2 13141 | -3/Research | Lost 3 parts (2u1w) 13537 | -3/Research | Found Prototype Processor 13537 | -3/Research | Identified Spectral Analyzer 13590 | -3/Research | Crushed by falling debris 13590 | -3/Research | System corruption reached 10% 13638 | -3/Research | Lost 6 parts (1n5u) 13672 | -3/Research | Lost 3 allies 13672 | -3/Research | Spotted B-86 Titan 13746 | -3/Research | Core integrity fell below 50% 13746 | -3/Research | Spotted B-86 Titan 13758 | -3/Research | Core integrity fell below 20% 13761 | -3/Research | Destroyed by Y-72 Warden with Quantum Rifle Last Messages --------------- 13749_ Centrium Wheel destroyed. 13749_ P-80 Master repels hacking attempt. 13750_ U-05 Engineer lays Concrete. 13750_ Gravity Neutralizer destroyed. 13750_ Relay Coupler [Hunter] destroyed. 13750_ Critical hit (Blast). 13753_ U-05 Engineer lays Concrete. 13753_ Slug penetrates Wall. 13754_ Adv. Remote Datajack destroyed. 13755_ System corrupted: Substantial component data lost. 13755_ U-05 Engineer lays Concrete. 13757_ Penetrated by Slug. 13757_ Slug penetrates Wall. 13758_ U-05 Engineer builds a Wall. 13759_ Slug penetrates Wall. 13761_ Penetrated by Slug. 13761_ P-80 Master destroyed. 13761_ Slug penetrates H-77 Assassin. 13761_ K-01 Serf collects debris. Map ----- +----------------------------------------------------+ | ??????????????????#### /// " ! // ## | | ?????????????????????# // #"/""/""## | | ?????????????#???????# # = # " " | | ???????????????#?????# + % # "G" | | ?????????????????##### # [% # " | | ????????????????? # ! " | | ???????????????? # #* | | ???????????????? % " ######### | | ???????????????? " % # #?????#?? | | ????????????#?? " [% # #??????## | | ??????????????## " + #???????? | | ???????????????# ##########?#??#??? | | ???????????????# % "##??????????????# | | ???????????????# =% # #???#??????????? | | ???????????????# ###;;#+##;####????????????? | | ???????????????? # h* ! #??????#?????# | | ?????????????????? # % #????#???????? | | ?????????????????? # h % #????????????? | | ?????????????????? ##### % ##?????#?????? | | ?????????? ????# ??#??## kk #???????#????? | | ??????????????## #??##u % = #????????????? | | ?????????????? #?## % #????????????# | | ?????????????? #?# #????????????? | | ?????????????? #?##; % u ##???????????? | | ????????????# #####k%u #???????#????? | | ????????????+ H +%@ #?#??????????? | | ?????????????###### Y%;pp% u #????????????? | | ?????????????? # #;/# # #######??#?????????? | | ?????????????? = + # ###???#???????????#??? | | ?????????????? #####;; ###?#???????????????#??? | | ????????????? #???##; #????#?????????????????? | | ???????????# ! #????##BB?????????????#????????? | | ???????????# #?????#BB??#???????????????????? | | ???????????#####/##????## ;#?????????????????????? | | ??????????????# ###### #???????????#?????????? | | ??????????????? #?#???????????????????? | | ??????????????# ###### #?????????????????????? | | ??????????????#####????## ;#####?????????????????? | | ???????????????########?# ;## #?????????????????? | | ???????????????# ### ;## #####?????????????? | | ???????????????# # T #?????????????? | | ???????????????# # #?????????????? | | ???????????????# ! + #?????????????? | | ???????????????# # #?????????????? | | ???????????????# # #?????????????? | | ??????????????########## """ #?????????????? | | ??????????????#! ! # """ #?????????????? | | ??????????????# + """ #?????????????? | | ??????????????# "" # #?????????????? | | ??????????????# """ # #?????????????? | +----------------------------------------------------+ Best States ------------- Heat Dissipation 136 Coolant Potential 65 Energy Generation 53 Energy Capacity 745 Matter Stores 317 Matter Capacity 500 Sight Range 24 Robot Scan Range 14 Terrain Scan Range 20 Terrain Scan Density 10 Additional Mass Support 12 Armor Coverage 825 Resistance: TH 30 Core Shielding 30 Propulsion Shielding 33 Evasion (%) 40 Targeting Accuracy 6 Target Analysis 6 Recoil Reduction 2 Relay Coupler Types 5 Relay Coupler Value 169 Item Schematics ----------------- Datajack | -9/Materials | Scanalyzed Arm. Wheel | -9/Recycling | Hacked Robot Schematics ------------------ None Fabricated ------------ Nothing Repaired ---------- Arm. Huge Wheel | 34% | -7/Factory Adv. Assault Cannon | 2% | -7/Factory Studied --------- Com. Wheel | -9/Materials | Hacked Lgt. Cannon | -9/Materials | Hacked Beam Cannon | -9/Materials | Hacked Alien Tech Used ----------------- None Achievements -------------- Oppo Buddy Challenges ------------ None Game ------ Seed DeflectorThermalExpander Manual? 0 Play Time 01:55:37 Cumulative 287.1 hours Start 2026.03.07 @ 20:59:57 End 2026.03.07 @ 22:55:28 Sessions 1 Manual Loads 0 Difficulty Rogue Special Mode None Game No. 219 Rogue 219 Adventurer 0 Explorer 0 Win Type - Total 12 Types 8/0/3/1/0/0/0/0/0/0 Lore% 85 Gallery% 72 Achievement% 59 Wizard Run 0 Options --------- Layout 1 ASCII 0 Keyboard 0 Movement Numpad Keybinds 0 Fullscreen 1 Font 24/Smallcaps Map View 50x35 Zoom Use 0% Tactical HUD 1 Map Filters NONE Filters NONE Steam 1 RUN: ee7c6325-1a06-43f1-ab48-134c71a056f2